Map: Terminal stellaire EC (Void)

Players

AgCl

  • Race: Protoss Protoss
  • League: Grandmaster

Meldo - Winner!

  • Race: Zerg Zerg
  • League: Grandmaster

VOD

Have the link to the VOD?

Description

Time

  • Played on: July 14, 2015, 3:15 a.m.
  • Length: 12:12
Show
View Real Time Build Order
Export as new Build Order

AgCl Protoss 

Build Orders: Oracle Opening 

Get SALT Encoding   

  12  0:15  Pylon  
  12  0:28  Probe  
  13  0:37  Gateway  
  13  0:40  Probe  
  14  0:53  Probe  
  15  1:05  Probe  
  16  1:13  Assimilator  
  16  1:16  Probe  
  16  1:17  Pylon  
  17  1:19  Assimilator  
  17  1:24  Probe, Zealot (Chrono Boost)  
  20  1:34  Probe (Chrono Boost)  
  20  1:35  Cybernetics Core  
  21  1:46  Probe (Chrono Boost)  
  23  1:54  Probe (Chrono Boost)  
  23  2:03  Probe  
  24  2:17  Stargate  
  24  2:19  Adept  
  24  2:20  Probe  
  25  2:33  Mothership Core (Chrono Boost)  
  25  2:34  Pylon  
  27  2:47  Probe (Chrono Boost)  
  27  2:49  Warp Gate (Chrono Boost)  
  28  2:53  Adept  
  30  2:59  Probe  
  29  3:11  Probe  
  26  3:23  Oracle (Chrono Boost)  
  29  3:28  Nexus  
  29  3:34  Probe  
  30  3:44  Pylon  
  30  3:59  Forge  
  30  4:02  Fleet Beacon  
  30  4:05  Probe  
  31  4:17  Probe  
  30  4:29  Probe  
  31  4:32  Pylon  
  31  4:41  Probe x2  
  31  4:43  Gateway  
  32  4:47  Adept  
  34  4:53  Probe (Chrono Boost)  
  34  4:58  Probe (Chrono Boost)  
  36  5:04  Gateway, Probe (Chrono Boost)  
  38  5:07  Probe (Chrono Boost)  
  38  5:08  Carrier (Chrono Boost)  
  38  5:10  Gateway  
  38  5:19  Probe (Chrono Boost)  
  40  5:24  Probe (Chrono Boost)  
  40  5:33  Probe x2 (Chrono Boost)  
  48  5:45  Probe x2  
  50  5:57  Gateway, Probe  
  51  5:58  Probe  
  51  6:01  Adept  
  51  6:02  Adept  
  51  6:03  Protoss Air Weapons Level 1  
  56  6:08  Graviton Catapult (Chrono Boost)  
  56  6:09  Probe  
  56  6:11  Probe  
  58  6:15  Assimilator  
  58  6:16  Assimilator  
  58  6:20  Carrier (Chrono Boost)  
  58  6:21  Probe  
  58  6:22  Pylon  
  58  6:23  Probe  
  60  6:33  Probe  
  60  6:36  Forge  
  62  6:45  Probe  
  68  6:47  Adept x2  
  68  6:50  Probe  
  72  7:14  Probe, Stargate  
  72  7:15  Probe  
  73  7:16  Pylon  
  73  7:27  Pylon  
  73  7:28  Carrier (Chrono Boost)  
  63  8:00  Probe (Chrono Boost)  
  63  8:03  Probe (Chrono Boost)  
  64  8:10  Carrier (Chrono Boost)  
  64  8:11  Adept x3  
  64  8:12  Probe (Chrono Boost)  
  71  8:13  Adept  
  62  8:32  Carrier (Chrono Boost)  
  68  8:37  Probe  
  68  8:40  Photon Cannon  
  69  8:43  Pylon  
  69  8:47  Pylon  
  75  8:59  Stargate  
  75  9:09  Adept x4  
  77  9:20  Carrier (Chrono Boost)  
  77  9:24  Gateway  
  77  9:26  Probe  
  77  9:28  Protoss Ground Weapons Level 1 (Chrono Boost)  
  77  9:31  Pylon  
  78  9:33  Probe  
  78  9:37  Pylon  
  85  9:44  Adept  
  87  10:13  Nexus  
  87  10:36  Carrier (Chrono Boost)  
  87  10:43  Twilight Council  
  63  11:00  Adept x2  
  63  11:02  Probe  
  65  11:06  Probe  
  65  11:09  Pylon  
  66  11:37  Assimilator  
  66  11:38  Probe  
  73  11:45  Probe  
  73  11:58  Adept x3  
Show
View Real Time Build Order
Export as new Build Order

Meldo Zerg - Winner!

Build Orders: Pool First 

Get SALT Encoding   

  12  0:01  Drone  
  13  0:14  Drone  
  14  0:26  Drone, Extractor  
  14  0:34  Spawning Pool  
  13  0:40  Overlord  
  13  0:46  Drone  
  14  0:59  Drone x2  
  16  1:22  Zergling x4  
  16  1:23  Queen  
  20  1:29  Metabolic Boost  
  20  1:31  Zergling x2  
  21  1:38  Overlord  
  21  1:49  Zergling x2  
  22  2:01  Overlord  
  23  2:15  Drone  
  23  2:26  Zergling x2  
  24  2:30  Hatchery  
  23  2:39  Drone  
  23  2:40  Drone x4  
  28  2:54  Queen  
  29  3:01  Zergling x2  
  29  3:02  Zergling x4  
  31  3:13  Spore Crawler  
  27  3:25  Zergling x6  
  30  3:34  Spore Crawler  
  30  3:36  Zergling x2  
  30  3:46  Drone  
  30  3:48  Queen  
  33  3:50  Drone  
  33  3:54  Drone  
  35  4:03  Drone x4  
  35  4:04  Drone  
  35  4:08  Drone  
  41  4:15  Zergling x2  
  41  4:16  Zergling x2  
  40  4:26  Drone x2  
  40  4:33  Zergling x2  
  40  4:34  Zergling x2  
  42  4:44  Drone x2  
  43  4:57  Lair  
  43  4:58  Overlord x2  
  40  5:03  Zergling x2  
  40  5:04  Zergling x6  
  44  5:09  Hatchery  
  43  5:14  Drone  
  43  5:16  Extractor  
  43  5:18  Drone x2  
  43  5:21  Drone  
  46  5:23  Drone  
  46  5:24  Evolution Chamber, Drone x3  
  46  5:25  Drone x2  
  46  5:27  Drone  
  46  5:28  Drone, Extractor  
  52  5:36  Drone x2  
  54  5:52  Zerg Missile Weapons Level 1  
  54  6:02  Drone x3  
  55  6:04  Extractor  
  54  6:12  Hydralisk Den  
  53  6:20  Roach Warren, Drone x3  
  55  6:40  Overlord x2  
  55  6:42  Overlord  
  55  6:53  Hydralisk  
  55  6:54  Hydralisk x2  
  55  7:00  Hydralisk  
  55  7:01  Hydralisk x6  
  60  7:02  Roach  
  60  7:03  Spine Crawler, Roach x3  
  60  7:04  Zergling x2  
  60  7:05  Zergling x4  
  82  7:11  Overseer  
  82  7:13  Overlord x2  
  82  7:29  Overlord x2  
  73  7:30  Overlord x2  
  73  7:31  Queen  
  72  7:37  Glial Reconstitution  
  72  7:39  Muscular Augments  
  72  7:48  Drone  
  72  7:49  Drone x6  
  79  7:59  Hydralisk x2  
  79  8:01  Spore Crawler  
  79  8:05  Drone x3  
  85  8:06  Drone  
  85  8:07  Drone  
  87  8:18  Hydralisk x3  
  82  8:34  Hydralisk  
  82  8:35  Hydralisk x3  
  82  8:41  Hydralisk  
  86  8:45  Hydralisk  
  86  8:47  Zergling x6  
  86  8:48  Zergling x4  
  91  8:49  Extractor  
  91  8:51  Extractor  
  91  8:53  Hydralisk  
  91  8:59  Hydralisk  
  85  9:05  Hydralisk  
  85  9:08  Drone x9  
  96  9:15  Spore Crawler  
  94  9:18  Spore Crawler  
  94  9:19  Drone x3  
  94  9:22  Spore Crawler  
  95  9:26  Spore Crawler  
  95  9:30  Burrow  
  94  9:35  Hydralisk x2  
  98  9:49  Hydralisk  
  98  9:50  Hydralisk x2  
  104  9:54  Zerg Missile Weapons Level 2  
  104  9:55  Hatchery  
  103  10:20  Hydralisk  
  105  10:23  Overlord x3  
  105  10:24  Overlord x2  
  104  10:33  Overseer  
  104  10:41  Hydralisk x6, Queen  
  108  10:52  Hydralisk x7  
  108  10:53  Hydralisk x2  
  108  11:02  Roach  
  108  11:03  Roach x5  
  114  11:11  Drone x5  
  115  11:18  Drone x3  
  122  11:23  Extractor  
  122  11:24  Hydralisk x3, Extractor  
  122  11:25  Hydralisk  
  125  11:30  Roach x2  
  125  11:31  Roach  
  131  11:38  Hydralisk  
  131  11:39  Hydralisk x2  
Tags
 
Add a new tag
Caveats
  • Supply blocks, unpowered buildings, or Contaminate may cause inaccurate times.
  • Supply counts are checked every 10 seconds.